 Dungeon Crawl Stone Soup version 0.19-a0-805-g0a78ef0 (webtiles) character file.

3040 4thArraOfDagon the Grappler (level 9, 0/75 HPs)
             Began as a Troll Earth Elementalist on June 27, 2016.
             Was a Follower of Hepliaklqana.
             Succumbed to a killer bee's poison
             ... on level 9 of the Dungeon.
             The game lasted 00:13:12 (2556 turns).

4thArraOfDagon the Grappler (TrEE)                  Turns: 2556, Time: 00:13:13

Health: 0/75       AC:  6    Str: 23    XL:     9   Next: 56%
Magic:  9/9        EV: 16    Int: 16    God:    Hepliaklqana [*.....]
Gold:   254        SH: 12    Dex: 13    Spells: 1 memorised, 9 levels left

rFire  . . .     SeeInvis .       - Unarmed
rCold  . . .     Gourm    +     c - +0 robe
rNeg   + . .     Faith    .     j - +2 shield
rPois  +         Spirit   .     (helmet restricted)
rElec  +         Dismiss  .     (no cloak)
rCorr  .         Reflect  .     (gloves unavailable)
SustAt .         Harm     .     (boots unavailable)
MR     .....     Rnd*Rage +     (no amulet)
Stlth  ++........               B - ring of positive energy
                                g - ring of poison resistance

@: mighty, agile, lethally poisoned (0 -> 0), exhausted, flying, slowed, very
slow, not resistant to hostile enchantments, unstealthy
A: unfitting armour, antennae 1, claws 3, talons 1, repulsion field 1, icy blue
scales 1, berserk 1, clever 1, clumsy 1, deterioration 1, fast metabolism 3,
gourmand, regeneration 2, shaggy fur 1, electricity resistance, tough skin 2,
MP-powered wands
a: Recall Ancestor, Ancestor Identity, Renounce Religion


You were on level 9 of the Dungeon.
You worshipped Hepliaklqana.
Hepliaklqana was aware of your devotion.
You were full.

You visited 2 branches of the dungeon, and saw 10 of its levels.

You collected 254 gold pieces.

Inventory:

Hand Weapons
 z - the +8 dagger of Holouk {pierce, rC+ rN+, unknown}
   (You found it on level 8 of the Dungeon)

   It inflicts extra damage upon your enemies.
   It protects you from cold.
   It protects you from negative energy.
Missiles
 v - 5 large rocks (quivered)
Armour
 c - a +0 robe (worn)
 j - a +2 shield (worn)
Jewellery
 g - a ring of poison resistance (left claw)
 q - an uncursed ring of stealth
 s - an uncursed ring of protection from cold
 B - a ring of positive energy (right claw)
Scrolls
 f - a scroll of blinking {unknown}
 i - 3 scrolls of teleportation {unknown}
 k - 2 scrolls of remove curse
 n - a scroll of amnesia {unknown}
 o - 7 scrolls of identify {unknown}
 p - a scroll of recharging {unknown}
 u - 2 scrolls of noise {unknown}
 x - a scroll of enchant armour {unknown}
 y - 2 scrolls of immolation {unknown}
 D - a scroll of magic mapping {unknown}
Potions
 l - a potion of flight
Books
 e - a book of Geomancy

   Spells                             Type                      Level
   a - Sandblast                      Earth                        1
   b - Passwall                       Transmutation/Earth          2
   c - Stone Arrow                    Conjuration/Earth            3
   d - Petrify                        Transmutation/Earth          4
   e - Lee's Rapid Deconstruction     Earth                        5
 A - a book of Minor Magic

   Spells                             Type                      Level
   a - Magic Dart                     Conjuration                  1
   b - Blink                          Translocation                2
   c - Call Imp                       Summoning                    2
   d - Repel Missiles                 Charms/Air                   2
   e - Slow                           Hexes                        2
   f - Conjure Flame                  Conjuration/Fire             3
   g - Mephitic Cloud                 Conjuration/Poison/Air       3
Comestibles
 d - 8 bread rations
 t - a meat ration
 C - 9 royal jellies


   Skills:
 + Level 0.8 Fighting
 + Level 2.2 Dodging
 - Level 1.1 Stealth
 + Level 6.0 Shields
 * Level 10.6 Unarmed Combat
 - Level 1.2 Spellcasting
   Level 0.6 Transmutations
 - Level 2.6 Earth Magic
 + Level 1.2 Invocations


You had 9 spell levels left.
You knew the following spells:

 Your Spells              Type           Power        Failure   Level  Hunger
a - Sandblast             Erth           #.....       14%         1    ##.....


Dungeon Overview and Level Annotations

Branches:
Dungeon (9/15)             Temple (1/1) D:7            Lair (0/6) D:8
    Orc: D:9-12

Altars:
Dithmenos
Elyvilon
Hepliaklqana
Nemelex Xobeh
Okawaru
Qazlal
Sif Muna
Trog
Vehumet
Yredelemnul

Shops:
D:5 (

Annotations:
D:4 Eustachio
D:9 Psyche


Innate Abilities, Weirdness & Mutations

You are too large for most types of armour.
You have claws for hands.
Your metabolism is lightning-fast.
You like to eat raw meat.
You heal very quickly.
You are covered in fur. (AC +1)
You have very tough skin. (AC +2)
You have a pair of small antennae on your head.
You have sharp toenails.
You are surrounded by a mild repulsion field. (EV +2)
You are partially covered in icy blue scales. (AC +1)
You tend to lose your temper in combat.
Your mind is acute. (Int +2)
You are clumsy. (Dex -2)
Your body sometimes deteriorates upon taking damage.
You are resistant to electric shocks. (rElec)
You expend magic power (3 MP) to strengthen your wands.


Message History

* * * LOW HITPOINT WARNING * * *
Agathocles barely misses the killer bee.
The killer bee closely misses you. x2
Unknown command.
Unknown command.
Unknown command.
Unknown command.
You aren't carrying any items that you can evoke.
Unknown command.
It was a potion of magic.
Magic courses through your body.
Psyche appears from thin air!
Reactivating autopickup.
The killer bee misses you. x2; You block the killer bee's attack. x2
Agathocles misses the killer bee.
The killer bee stings you.
* * * LOW HITPOINT WARNING * * *
The killer bee completely misses you.
Unknown command.
You closely miss the killer bee. Your kick misses the killer bee.
The killer bee is heavily wounded.
You die...

#..#. ..........#####...#
##$...##.........##.....##
#......#.....$..W##....##
......#.........##....#
..#....#........y#R...## ##.#
#...........yy....# ...
#..)......y{###.#.##########
...###.....####y###..#..........#
.#.....##.....#y@...............#
.##..#.##.###.R......#..........#
.###.#(##..##....>..............#
......)###.##...................#
......<........................<#
..#...#######....(..........^.###
..#.....#####.(...............#
...............(..............#
.##...#...#.#.................# .


You could see the friendly Agathocles the ancestor and 3 killer bees.

Vanquished Creatures
  Pikel (D:8)
  The ghost of 4thArraOfDagon the Sneak, an amateur OpEn (D:5)
  2 yaks (D:8)
  2 soldier ants (D:8)
  2 slaves (D:8)
  An ice beast (D:5)
  2 sky beasts
  A wasp (D:8)
  2 ogres
  A centaur (D:7)
  A crocodile (D:9)
  A big kobold (D:8)
  A giant frog (D:7)
  2 scorpions
  3 killer bees (D:9)
  2 howler monkeys
  2 crimson imps
  2 jellies
  A giant frog skeleton (D:4)
  2 orc wizards
  7 worker ants
  6 adders
  4 giant geckos
  8 orcs
  3 ball pythons
  3 giant cockroaches
  3 hobgoblins
  7 jackals (D:5)
  4 bats (D:2)
  3 giant newts
  A goblin (D:2)
  5 kobolds
  A quokka zombie (D:8)
87 creatures vanquished.

Vanquished Creatures (collateral kills)
  A yak (D:8)
  A wasp (D:8)
  A crocodile (D:9)
  A hound (D:9)
  2 kobolds (D:9)
6 creatures vanquished.

Vanquished Creatures (others)
  2 slaves (D:8)
2 creatures vanquished.

Grand Total: 95 creatures vanquished

Notes
Turn   | Place    | Note
--------------------------------------------------------------
     0 | D:1      | 4thArraOfDagon the Troll Earth Elementalist began the quest for the Orb.
     0 | D:1      | Reached XP level 1. HP: 16/16 MP: 1/1
   113 | D:2      | Reached skill level 1 in Unarmed Combat
   176 | D:2      | Reached skill level 2 in Unarmed Combat
   176 | D:2      | Reached XP level 2. HP: 12/24 MP: 2/2
   403 | D:3      | Reached XP level 3. HP: 31/31 MP: 3/3
   428 | D:3      | Reached skill level 3 in Unarmed Combat
   447 | D:3      | Reached skill level 1 in Shields
   447 | D:3      | Reached XP level 4. HP: 36/39 MP: 4/4
   681 | D:4      | Reached skill level 4 in Unarmed Combat
   681 | D:4      | Reached XP level 5. HP: 45/45 MP: 5/5
   707 | D:4      | Noticed Eustachio
   732 | D:5      | Entered Level 5 of the Dungeon
   906 | D:5      | Found a basalt altar of Yredelemnul.
   983 | D:5      | Noticed a sky beast
   998 | D:5      | Killed a sky beast
   998 | D:5      | Reached skill level 5 in Unarmed Combat
   998 | D:5      | Reached XP level 6. HP: 40/53 MP: 6/6
  1012 | D:5      | Gained mutation: You are surrounded by a mild repulsion field. (EV +2) [mutagenic meat]
  1015 | D:5      | Gained mutation: You tend to lose your temper in combat. [mutagenic meat]
  1018 | D:5      | Gained mutation: You have a pair of small antennae on your head. [mutagenic meat]
  1021 | D:5      | Gained mutation: Your mind is acute. (Int +2) [mutagenic meat]
  1024 | D:5      | Gained mutation: You have sharp toenails. [mutagenic meat]
  1052 | D:5      | Noticed 4thArraOfDagon's ghost (amateur OpEn)
  1062 | D:5      | Noticed an ice beast
  1069 | D:5      | Killed 4thArraOfDagon's ghost
  1069 | D:5      | Reached skill level 6 in Unarmed Combat
  1069 | D:5      | Reached XP level 7. HP: 52/59 MP: 7/7
  1099 | D:5      | Found Ishrott's Weapon Shoppe.
  1186 | D:6      | Found a deep blue altar of Sif Muna.
  1205 | D:6      | Reached skill level 7 in Unarmed Combat
  1533 | D:8      | Noticed a yak
  1533 | D:8      | Noticed a yak
  1533 | D:8      | Noticed a yak
  1642 | D:7      | Reached XP level 8. HP: 51/67 MP: 8/8
  1745 | D:7      | Found a staircase to the Ecumenical Temple.
  1755 | Temple   | Entered the Ecumenical Temple
  1782 | Temple   | Became a worshipper of Hepliaklqana
  1844 | D:8      | Got a crude dagger
  1869 | D:9      | Noticed Psyche
  1892 | D:8      | Found a staircase to the Lair.
  1905 | D:8      | Reached skill level 8 in Unarmed Combat
  1971 | D:8      | Noticed Pikel
  1985 | D:8      | Killed Pikel
  1985 | D:8      | Reached skill level 5 in Shields
  1985 | D:8      | Reached skill level 9 in Unarmed Combat
  2024 | D:8      | Reached XP level 9. HP: 23/74 MP: 9/9
  2027 | D:8      | HP: 2/74 [yak (10)]
  2195 | D:8      | Reached skill level 10 in Unarmed Combat
  2351 | D:9      | Gained mutation: You are clumsy. (Dex -2) [mutagenic meat]
  2360 | D:9      | Gained mutation: You are resistant to electric shocks. (rElec) [mutagenic meat]
  2374 | D:9      | Reached * piety under Hepliaklqana
  2466 | D:9      | Reached skill level 1 in Invocations
  2553 | D:9      | HP: 3/75 [killer bee (4)]
  2554 | D:9      | Gained mutation: You are partially covered in icy blue scales. (AC +1) [potion of mutation]
  2554 | D:9      | Gained mutation: You expend magic power (3 MP) to strengthen your wands. [potion of mutation]
  2554 | D:9      | Gained mutation: Your body sometimes deteriorates upon taking damage. [potion of mutation]
  2555 | D:9      | HP: 1/75 [killer bee (2)]
  2556 | D:9      | Succumbed to a killer bee's poison

Vault maps used:
D:1:      dpeg_arrival_pits, corner_web_ring
D:2:      first_bread
D:3:      old_standard_altar, uniq_robin
D:4:      kennysheep_mini_moat, serial_shops, nicolae_shop_stone, uniq_duvessa,
          uniq_eustachio, uniq_blork_the_orc
D:5:      old_standard_altar, serial_shops, shop
D:6:      lemuel_doored_altar, kennysheep_generic_room_10
D:8:      dpeg_lair_monsters, hangedman_pestilent_swarm, uniq_pikel
D:9:      hangedman_ru_absence, lemuel_round_altar, uniq_psyche
Temple:   regret_index_temple_sphere_string

Skill      XL: |  1  2  3  4  5  6  7  8  9 |
---------------+----------------------------+-----
Unarmed Combat | 2 3 4 5 6 7 9 10 | 10.6
Shields        | 1 2 4 5 6 |  6.0
Invocations    | 1 |  1.2
Dodging        | 2 |  2.2
Fighting       | |  0.8
Stealth        | |  1.1
Spellcasting   | |  1.2
Transmutations | |  0.6
Earth Magic    | |  2.6

Action                   |  1- 3 |  4- 6 |  7- 9 || total
-------------------------+-------+-------+-------++-------
Melee: Unarmed           |    73 |   122 |   206 ||   401
       Kick              |       |     7 |    41 ||    48
Throw: Large rock        |       |       |     4 ||     4
Invok: Recall Ancestor   |       |       |     4 ||     4
  Use: Potion            |       |       |     7 ||     7
       Scroll            |       |       |     1 ||     1
 Stab: Sleeping          |     1 |     2 |       ||     3
       Distracted        |       |       |     3 ||     3
  Eat: Chunk             |     6 |    13 |    11 ||    30
       Beef jerky        |       |       |     3 ||     3
       Pizza             |       |       |     1 ||     1
Armor: Robe              |    45 |    35 |    34 ||   114
Dodge: Dodged            |    53 |    29 |    87 ||   169
Block: Shield            |     2 |    37 |   143 ||   182
